 Dungeon Crawl Stone Soup version 0.27.1 (webtiles) character file.

Game seed: 1883584343150950822

730 equi1 the Chopper (level 7, -10/61 HPs)
             Began as a Minotaur Berserker on Aug 30, 2021.
             Was a Believer of Trog.
             Mangled by a large abomination (22 damage)
             ... on level 1 of the Abyss.
             The game lasted 00:22:15 (5298 turns).

equi1 the Chopper (Minotaur Berserker)              Turns: 5298, Time: 00:22:16

Health: -10/61     AC: 15    Str: 21    XL:     7   Next: 44%
Magic:  6/6        EV:  4    Int:  4    God:    Trog [**....]
Gold:   172        SH:  9    Dex: 12    Spells: 6/6 levels left

rFire    . . .     SeeInvis .   a - +0 hand axe
rCold    . . .     Faith    .   u - +0 kite shield
rNeg     . . .     Spirit   .   d - +0 plate armour
rPois    .         Reflect  .   (helmet restricted)
rElec    .         Harm     .   e - +0 cloak
rCorr    .         Rampage  .   f - +0 pair of gloves {archery}
Will     .....                  (no boots)
Stlth    ..........             (no amulet)
HPRegen  0.20/turn              (no ring)
MPRegen  0.10/turn              (no ring)

@: silenced
A: horns 2, retaliatory headbutt
a: Renounce Religion


You were on level 1 of the Abyss.
You worshipped Trog.
Trog was pleased with you.
You visited 1 branch of the dungeon, and saw 5 of its levels.
You visited the Abyss 1 time.

You collected 252 gold pieces.
You spent 80 gold pieces at shops.

Inventory:

Hand Weapons
 a - a +0 hand axe (weapon)
 m - a +0 club
Armour
 b - a +0 animal skin
 d - a +0 plate armour (worn)
 e - a +0 cloak (worn)
 f - a +0 pair of gloves of archery (worn)
 u - a +0 kite shield (worn)
Jewellery
 p - an amulet of magic regeneration
 q - a ring of magical power
Scrolls
 c - a scroll of enchant armour {unknown}
 g - a scroll of noise {unknown}
 h - a scroll of magic mapping {unknown}
 i - 2 scrolls of blinking
 j - 2 scrolls of vulnerability {unknown}
 k - a scroll of fog
 o - 4 scrolls of teleportation
 s - a scroll of summoning
 t - a scroll of fear {unknown}
 w - a scroll of enchant weapon {unknown}
Potions
 l - 3 potions of curing
 n - a potion of brilliance
 r - 2 potions of heal wounds
 v - a potion of might
 x - a potion of invisibility {unknown}


   Skills:
 + Level 5.4 Fighting
 * Level 7.3 Axes
 + Level 5.7 Armour
 + Level 2.5 Dodging
 + Level 2.9 Shields


You had 6 spell levels left.
You didn't know any spells.
Your spell library was empty.

Dungeon Overview and Level Annotations

Branches:
Dungeon (5/15)
 Temple: D:4-7

Altars:
Ashenzari
Trog

Shops:
D:1 [   D:4 ?

Annotations:
D:2 Robin
D:5 Crazy Yiuf


Innate Abilities, Weirdness & Mutations

You have a pair of horns on your head.
You reflexively headbutt those who attack you in melee.


Message History

The ufetubus hits you but does no damage. x2
The ufetubus hits you but does no damage. x2
Tentacles burst from the starspawn's body! 2 starspawn tentacles come into view.
You block the ufetubus's attack.
The ufetubus hits you but does no damage.
Found a shadowy altar of Dithmenos.
You block the ufetubus's attack. x2
You block the ufetubus's attack.
The ufetubus hits you but does no damage.
A large abomination comes into view.
The ufetubus hits you but does no damage.
You block the ufetubus's attack.
Okay, then.
Magic scrolls do not work when you're silenced!
Magic scrolls do not work when you're silenced!
The ufetubus barely misses you. You furiously retaliate!
You headbutt the ufetubus. You block the ufetubus's attack.
The ufetubus hits you but does no damage. x2
The ufetubus hits you.
The ufetubus hits you but does no damage.
Magic scrolls do not work when you're silenced!
Magic scrolls do not work when you're silenced!
The ufetubus disappears in a puff of smoke!
You block the large abomination's attack.
Magic scrolls do not work when you're silenced!
You block the ufetubus's attack.
The ufetubus hits you but does no damage.
The large abomination hits you!!
* * * LOW HITPOINT WARNING * * *
You block the ufetubus's attack. x2
Magic scrolls do not work when you're silenced!
The large abomination hits you.
* * * LOW HITPOINT WARNING * * *
You block the ufetubus's attack.
The ufetubus hits you but does no damage.
Magic scrolls do not work when you're silenced!
You block the ufetubus's attack. The ufetubus barely misses you.
The large abomination hits you!!
You die...

######
#..#@#
#.X4## ##.5.
#
##...#....#
#.
#_##.##.#..#
# ####..##
.# # #. ..#
## . #..#.
.# . #.....#
.


You could see a large abomination, a chaos spawn and an ufetubus (summoned).

Vanquished Creatures
  A sky beast (D:5)
  An ogre (D:4)
  A centaur (D:5)
  A water moccasin skeleton (D:4)
  2 hounds (D:5)
  An orc priest (D:4)
  A scorpion zombie (D:5)
  An iguana (D:5)
  4 orc wizards (D:4)
  A hound skeleton (D:4)
  A howler monkey zombie (D:5)
  6 adders
  4 river rats (D:4)
  A dart slug (D:2)
  5 orcs
  6 endoplasms
  A giant cockroach (D:4)
  14 goblins
  5 hobgoblins
  2 quokkas
  10 ball pythons
  5 bats
  4 frilled lizards
  4 kobolds
  2 rats
84 creatures vanquished.

Vanquished Creatures (others)
  6 starspawn tentacles (Abyss:1)
6 creatures vanquished.

Grand Total: 90 creatures vanquished

Notes
Turn   | Place    | Note
-------+----------+-------------------------------------------
     0 | D:1      | equi1 the Minotaur Berserker began the quest for the Orb.
     0 | D:1      | Reached XP level 1. HP: 19/19 MP: 0/0
   214 | D:1      | Found Vafis's Armour Emporium.
   272 | D:1      | Reached skill level 4 in Axes
   272 | D:1      | Reached XP level 2. HP: 27/27 MP: 1/1
   712 | D:2      | Reached XP level 3. HP: 33/33 MP: 2/2
   738 | D:2      | You fall into a shaft and drop 1 floor!
   745 | D:3      | Found a broken altar of Ashenzari.
   893 | D:2      | Found a faded altar of an unknown god.
  1177 | D:2      | Noticed Robin
  1211 | D:1      | HP: 1/34 [goblin[Robin] (1)]
  1214 | D:1      | Reached ** piety under Trog
  2155 | D:3      | Reached XP level 4. HP: 33/41 MP: 3/3
  2767 | D:4      | Reached skill level 5 in Axes
  3025 | D:4      | Reached XP level 5. HP: 47/47 MP: 4/4
  3050 | D:4      | HP: 2/47 [something (2)]
  3061 | D:4      | Reached skill level 5 in Fighting
  3061 | D:4      | Reached skill level 6 in Axes
  3387 | D:4      | Reached XP level 6. HP: 37/56 MP: 5/5
  3607 | D:4      | Reached skill level 1 in Shields
  3724 | D:4      | Found Yxuucin's Magic Scroll Shop.
  3732 | D:4      | Bought a scroll of identify for 20 gold pieces
  3732 | D:4      | Bought a scroll of teleportation for 30 gold pieces
  3732 | D:4      | Bought a scroll of teleportation for 30 gold pieces
  4509 | D:5      | Entered Level 5 of the Dungeon
  4513 | D:5      | Noticed a sky beast
  4643 | D:5      | Killed a sky beast
  4644 | D:5      | Reached skill level 5 in Armour
  4644 | D:5      | Reached XP level 7. HP: 43/61 MP: 6/6
  4908 | D:5      | Found a bloodstained altar of Trog.
  4932 | D:5      | Reached skill level 7 in Axes
  5201 | D:5      | Found a runed translucent door.
  5202 | D:5      | Noticed Crazy Yiuf
  5208 | D:5      | Cast into level 1 of the Abyss (Crazy Yiuf)
  5262 | Abyss:1  | Noticed a ynoxinul
  5266 | Abyss:1  | Noticed a chaos spawn
  5271 | Abyss:1  | Noticed a tentacled starspawn
  5286 | Abyss:1  | Found a shadowy altar of Dithmenos.
  5290 | Abyss:1  | Noticed a large abomination
  5298 | Abyss:1  | Mangled by a large abomination

Illustrated notes

Levels and vault maps discovered:
D:1:      minmay_arrival_arboretum_small, layout_rooms, serial_shops, shop
D:2:      layout_basic, shapermc_ecumenical_altar_acropolis,
          wad_floor_pattern_2, uniq_robin
D:3:      layout_basic, nicolae_ashenzari_skybound
D:4:      layout_cave_pods, portal_sewer_entry_e, serial_shops,
          kennysheep_mini_moat
D:5:      layout_loops_cross, mainiacjoe_overflow_surrounded_room,
          temple_doors_cd, serial_shops, nicolae_lakefront_shop,
          gammafunk_ghost_grave, due_unseen_surprise, uniq_crazy_yiuf_cottage
Abyss:1:  base:
Sewer

Skill      XL: |  1  2  3  4  5  6  7 |
---------------+----------------------+-----
Axes           | 4 5 6 7 |  7.3
Fighting       | 4 5 |  5.4
Armour         | 3 4 5 |  5.7
Shields        | 2 |  2.9
Dodging        | |  2.5

Action                   |  1- 3 |  4- 6 |  7- 9 || total
-------------------------+-------+-------+-------++-------
Melee: Hand axe          |    92 |   122 |    41 ||   255
       Headbutt          |    12 |    21 |    11 ||    44
Invok: Berserk           |     1 |     4 |     2 ||     7
       Trog's Hand       |       |     3 |       ||     3
  Use: Scroll            |     4 |     2 |     1 ||     7
       Potion            |       |     3 |       ||     3
Armor: Plate armour      |    59 |   125 |    40 ||   224
Dodge: Dodged            |    31 |    19 |     7 ||    57
Block: Kite shield       |       |    59 |    35 ||    94
